 Dungeon Crawl Stone Soup version 0.29-a0-275-g389c0b56f3 (webtiles) character file.

Game seed: 11059930743572398143

154345 namelastname112 the Fighter (level 17, -7/135 (151) HPs)
             Began as a Green Draconian Air Elementalist on Mar 11, 2022.
             Was the Champion of Dithmenos.
             Mangled by Arachne
             ... wielding a staff of poison
              (19 damage)
             ... on level 3 of the Spider Nest.
             The game lasted 01:24:46 (36921 turns).

namelastname112 the Fighter (DrAE)                 Turns: 36921, Time: 01:24:46

HP:   -7/135 (151)  AC: 18    Str: 16 (18) XL:     17   Next: 6%
MP:   27/31         EV: 21    Int: 21 (22) God:    Dithmenos [******]
Gold: 2346          SH:  7    Dex: 13      Spells: 14/36 levels left

rFire   . . .      SeeInvis +   q - +11 short sword of Pain and Death {vorpal, Str+7}
rCold   + . .      Faith    .   N - +2 buckler {rC+}
rNeg    + . .      Spirit   .   (body armour unavailable)
rPois   +          Reflect  .   x - +1 hat
rElec   +          Harm     .   b - +1 cloak of Starlight {*Dazzle EV+4 Stlth--}
rCorr   +          Rampage  .   s - +2 pair of gloves
Will    +....                   o - +2 pair of boots {Stlth+}
Stlth   ++++++++++              B - amulet of Moderation {Regen+ rCorr}
HPRegen 1.12/turn               c - ring "Biept" {Wiz rElec rN+ Stlth+}
MPRegen 0.22/turn               e - ring of see invisible

@: lethally poisoned (-7 -> -13), wreathed by umbra, studying 2 skills, heavily
drained
A: breathe noxious fumes, AC +9, unfitting armour, stinger 1, poison resistance,
cold-blooded
a: Breathe Noxious Fumes, Renounce Religion, Shadow Step, Shadow Form


You were on level 3 of the Spider Nest.
You worshipped Dithmenos.
Dithmenos was exalted by your worship.
You visited 5 branches of the dungeon, and saw 27 of its levels.
You also visited: Ice Cave.

You collected 3088 gold pieces.
You spent 742 gold pieces at shops.

Inventory:

Hand Weapons
 q - the +11 short sword of Pain and Death (weapon) {vorpal, Str+7}
   (You found it on level 3 of the Dungeon)

   It inflicts extra damage upon your enemies.
   Str:       It affects your strength (+7).
Missiles
 u - 6 throwing nets
 F - 7 curare-tipped darts
 W - 5 atropa-tipped darts
Armour
 b - the +1 cloak of Starlight (worn) {*Dazzle EV+4 Stlth--}
   (You acquired it on level 3 of the Dungeon)

   It may blind those who miss an attack against the wearer in melee combat.
   EV:        It affects your evasion (+4).
   Stlth:     It makes you much less stealthy.
 o - a +2 pair of boots of stealth (worn)
 s - a +2 pair of gloves (worn)
 x - a +1 hat (worn)
 N - a +2 buckler of cold resistance (worn)
 V - the +3 pair of seven-league boots {Rampage+∞}
   (You bought it in a shop on level 6 of the Dungeon)

   Its wearer moves as far as possible in that direction when moving towards
   enemies.
Jewellery
 c - the ring "Biept" (left hand) {Wiz rElec rN+ Stlth+}
   (You acquired it on level 3 of the Dungeon)

   [ring of wizardry]

   It improves your spell success rate.
   rElec:     It insulates you from electricity.
   rN:        It protects you from negative energy.
   Stlth:     It makes you more stealthy.
 e - a ring of see invisible (right hand)
 n - a ring of protection from fire
 B - the amulet of Moderation (around neck) {Regen+ rCorr}
   (You took it off a gnoll on level 7 of the Dungeon)

   [amulet of regeneration]

   Regen:     It increases your rate of health regeneration.
   rCorr:     It protects you from acid and corrosion.
 H - the ring "Atin" {rN+ Will- rCorr MP+9 Int+10}
   (You found it in an ice cave)

   [ring of positive energy]

   Int:       It affects your intelligence (+10).
   rN:        It protects you from negative energy.
   MP:        It affects your magic capacity (+9).
   rCorr:     It protects you from acid and corrosion.
   Will:      It decreases your willpower.
 L - a ring of protection from cold
 P - a ring of willpower
 Q - a +4 ring of evasion
 U - an amulet of magic regeneration
Wands
 r - a wand of mindburst (27)
 z - a wand of iceblast (21)
 D - a wand of acid (5)
 K - a wand of flame (55)
 R - a wand of charming (2)
Scrolls
 d - 4 scrolls of teleportation
 f - a scroll of silence
 g - 3 scrolls of torment
 h - 4 scrolls of amnesia
 v - a scroll of fog
 y - 2 scrolls of brand weapon
 E - 11 scrolls of identify
 G - 4 scrolls of vulnerability
 I - 3 scrolls of enchant armour
 J - a scroll of acquirement
 M - 2 scrolls of fear
 T - 2 scrolls of enchant weapon
 Y - 2 scrolls of magic mapping
Potions
 a - 5 potions of magic
 i - 3 potions of curing
 j - 3 potions of berserk rage
 k - 4 potions of haste
 l - 4 potions of might
 m - 2 potions of heal wounds
 p - 4 potions of mutation
 t - 2 potions of flight
 w - 2 potions of resistance
 A - 2 potions of cancellation
 C - 5 potions of attraction
 O - 2 potions of invisibility
 S - 4 potions of brilliance
 X - a potion of ambrosia
Miscellaneous
 Z - a phial of floods (inert)


   Skills:
 + Level 13.8 Fighting
 + Level 12.9 Short Blades
 + Level 6.1 Throwing
 + Level 12.0 Dodging
 + Level 13.0 Stealth
 - Level 5.2 Shields
 + Level 10.4 Spellcasting
 - Level 8.0 Conjurations
 + Level 4.4 Hexes
 + Level 9.7 Translocations
 - Level 7.6 Air Magic


You had 14 spell levels left.
You knew the following spells:

 Your Spells              Type           Power      Damage    Failure   Level
a - Olgreb's Toxic Radia  Pois           10%        N/A       30%         4
b - Swiftness             Air            43%        N/A       1%          3
c - Passage of Golubria   Tloc           51%        N/A       1%          4
d - Tukima's Dance        Hex            29%        N/A       1%          3
e - Apportation           Tloc           100%       N/A       1%          1
s - Airstrike             Air            21%        N/A       1%          4
x - Static Discharge      Conj/Air       43%        N/A       1%          2
z - Shock                 Conj/Air       100%       1d9       1%          1

Your spell library contained the following spells:

 Spells                   Type           Power      Damage    Failure   Level
 Magic Dart               Conj           100%       1d8       1%          1
 Corpse Rot               Necr/Air       52%        N/A       1%          2
 Poisonous Vapours        Pois/Air       52%        N/A       1%          2
 Mephitic Cloud           Conj/Pois/Air  32%        N/A       1%          3
 Portal Projectile        Hex/Tloc       80%        N/A       1%          3
 Sting                    Tmut/Pois      40%        1d5       3%          1
 Call Imp                 Summ           10%        N/A       4%          2
 Hailstorm                Conj/Ice       27%        3d7       6%          4
 Ozocubu's Armour         Ice            10%        N/A       10%         3
 Irradiate                Conj/Tmut      13%        3d18      16%         5
 Dispel Undead            Necr           10%        3d9       30%         4
 Ice Form                 Ice/Tmut       10%        N/A       30%         4
 Summon Mana Viper        Hex/Summ       20%        N/A       32%         5
 Yara's Violent Unravell  Hex/Tmut       10%        3d6       32%         5
 Alistair's Intoxication  Tmut/Pois      6%         N/A       61%         5
 Blade Hands              Tmut           5%         N/A       61%         5
 Malign Gateway           Summ/Tloc      15%        N/A       97%         7
 Death Channel            Necr           5%         N/A       99%         6
 Simulacrum               Ice/Necr       5%         N/A       99%         6
 Spellforged Servitor     Conj/Summ      13%        N/A       99%         7
 Dragon Form              Tmut           5%         N/A       100%        7
 Ozocubu's Refrigeration  Ice            5%         4d6       100%        7
 Summon Horrible Things   Summ           5%         N/A       100%        8


Dungeon Overview and Level Annotations

Branches:
Dungeon (15/15)            Temple (1/1) D:6            Lair (6/6) D:9
  Swamp (0/4) Lair:4       Spider (3/4) Lair:3        Slime (0/5) Lair:6
    Orc (2/2) D:9             Elf (0/3) Orc:2        Vaults (0/5) D:13
 Depths (0/4) D:15          IceCv (visited)

Altars:
Cheibriados
Dithmenos
Elyvilon
Fedhas
Gozag
Kikubaaqudgha
Makhleb
Okawaru
Trog
Uskayaw
Vehumet
Wu Jian
The Shining One
Beogh
Jiyva

Shops:
D:6 [[[![   Orc:2 !((=

Annotations:
D:6 1 runed translucent door, kae's ghost, novice DrTm
D:10 3 runed translucent doors, DEFE's ghost, journeyman OpFi
D:11 exclusion: orange crystal statue
Spider:3 Arachne


Innate Abilities, Weirdness & Mutations

You can breathe blasts of noxious fumes.
Your lurid green scales are hard. (AC +9)
You cannot fit into any form of body armour.
Your tail ends in a venomous barb.
Your system is resistant to poisons. (rPois)
You are cold-blooded and may be slowed by cold attacks.


Message History

You strike the helpless Arachne from behind!!!
You spit Arachne like a pig!!!!!!
Arachne is almost dead!
You feel sick! Arachne completely misses you!
You take 1 damage, and have 43/135 hp!
You barely miss Arachne!
Arachne is severely wounded!
Your shadow hits Arachne with a short sword!
You feel sick!
Arachne is no longer blind!
Arachne stares at you and mumbles some strange words!
The bolt of poison hits you!!! You resist! * * * don't die
* * * You take 14 damage, and have 29/135 hp!
You feel much better!
You feel sick!
Arachne stares at you and mumbles some strange words!
The bolt of poison hits you!!!
You are more poisoned!
You resist! Arachne completely misses you!
You regained 19 hp, and now have 48/135 hp!
Aiming: Corrosive Bolt
Press: ? - help, Shift-Dir - straight line, f/p - Arachne
Aim: Arachne, wielding a staff of poison (black smoke, almost dead, umbra, 71% to hit)
The bolt of acid misses Arachne!
You feel very sick!
Arachne hits you with a staff of poison!!! * * * don't die
* * * Arachne envenoms you! * * * don't die
* * * You take 18 damage, and have 30/135 hp!
Aiming: Corrosive Bolt
Press: ? - help, Shift-Dir - straight line, f/p - Arachne
Aim: Arachne, wielding a staff of poison (black smoke, severely wounded, umbra, 71% to hit)
The bolt of acid misses Arachne!
You feel very sick!
Arachne hits you with a staff of poison!!! * * * don't die
* * * Arachne envenoms you! * * * don't die
* * * Arachne hits you with a staff of poison!!!!!! rip

##.#........^.^.
#.#####.........
###### ##.#
###....^..
#....^####.##
###..[..
...........#
###...
...........#
##..
........§§§# ##.
........§§§# ##
........§@§# #
........H§§^#
............#
.......^....#
.........$...
.............#
..........##
..........#


You could see Arachne.

Vanquished Creatures
  Saint Roka (Orc:2)
  Kirke (Lair:4)
  3 emperor scorpions
  3 ghost moths (Spider:3)
  The ghost of Leszczynek the Warrior, a journeyman GrAr of the Shining One (Spider:1)
  3 broodmothers (Spider:2)
  A very ugly thing (D:13)
  4 entropy weavers
  2 spark wasps
  An ettin (Orc:2)
  Josephine (D:13)
  Snorg (D:14)
  A vault guard (D:13)
  5 hydras
  5 boulder beetles
  3 ogre magi
  3 catoblepae (Lair:6)
  4 death knights
  An anaconda (Lair:6)
  4 jorogumos
  8 centaur warriors
  3 radroaches
  10 two-headed ogres
  5 death yaks (Lair:6)
  A vampire mage (D:15)
  A tengu warrior (D:15)
  Nergalle (Orc:2)
  7 skeletal warriors
  4 pharaoh ants
  A spark wasp zombie (D:15)
  4 orb spiders (Spider:3)
  2 bog bodies (Lair:4)
  2 steelbarb worms
  A lindwurm (Lair:6)
  2 necromancers
  3 deep elf pyromancers
  An orc knight (Orc:2)
  The ghost of Armakuni the Thaumaturge, a novice DEWn of Gozag (D:7)
  9 wolf spiders
  A phantasmal warrior (D:14)
  9 ugly things
  4 manticores
  A frost giant zombie (D:15)
  2 fire giant zombies (D:15)
  10 orc sorcerers (Orc:2)
  5 cyclopes
  4 moths of wrath
  Maurice (D:11)
  5 black mambas
  13 elephants
  Joseph (D:7)
  6 torpor snails
  An ice statue (IceCv)
  A gargoyle (D:13)
  8 cane toads
  8 demonic crawlers
  An efreet (D:13)
  An unseen horror (shapeshifter) (D:15)
  Maggie (D:7)
  2 kobold demonologists (D:9)
  A yaktaur (D:15)
  An anaconda simulacrum (IceCv)
  3 entropy weaver simulacra (IceCv)
  7 freezing wraiths
  6 rime drakes
  11 komodo dragons
  11 ice devils (IceCv)
  A polar bear (Lair:6)
  8 tarantellas
  6 meliai
  3 trolls
  10 slime creatures
  3 blink frogs (Lair:6)
  11 culicivoras
  16 jumping spiders
  Sigmund (D:4)
  13 wraiths
  A wyvern (Lair:6)
  2 dire elephant simulacra (IceCv)
  2 hogs (Lair:4)
  60 yaks
  A steam dragon (D:6)
  5 vampire mosquitoes (D:12)
  3 basilisks
  40 redbacks
  5 death yak simulacra (IceCv)
  2 harpy simulacra (IceCv)
  4 wargs
  A water moccasin (shapeshifter) (D:14)
  2 acid dragons
  A swamp drake (Orc:1)
  13 water moccasins
  Duvessa (D:7)
  27 orc warriors
  A sky beast (D:7)
  3 black bears
  16 centaurs
  2 ice beasts
  11 wolves
  12 ogres
  4 phantoms
  10 bullfrogs
  10 kobold brigands
  2 scorpions
  A necrophage (D:6)
  8 gnoll sergeants
  3 two-headed ogre simulacra
  5 cane toad simulacra (IceCv)
  Dowan (D:7)
  4 elephant simulacra (IceCv)
  40 killer bees
  An electric eel (Lair:6)
  3 howler monkeys
  A crimson imp (Orc:1)
  6 hounds
  3 jellies
  17 orc priests
  Crazy Yiuf (D:3)
  5 gnoll shamans
  An iron imp (Orc:1)
  Terence (D:3)
  7 iguanas
  41 orc wizards
  3 spriggan simulacra
  3 troll simulacra (D:13)
  9 hell rats (Lair:2)
  3 polar bear simulacra (IceCv)
  4 wolf simulacra
  57 gnolls
  13 river rats (Lair:2)
  8 adders
  2 shadow imps
  5 white imps
  2 ufetubi
  6 worms
  A dart slug (D:5)
  95 orcs
  5 ball pythons
  7 endoplasms
  2 giant cockroaches
  8 goblins
  6 hobgoblins
  17 jackals
  12 quokkas
  8 bats
  6 frilled lizards
  14 kobolds
  14 rats
1011 creatures vanquished.

Vanquished Creatures (collateral kills)
  A ghost moth (Spider:3)
  2 wolf spiders (Spider:3)
  2 tarantellas (Spider:3)
  2 culicivoras (Spider:3)
7 creatures vanquished.

Vanquished Creatures (others)
  A torpor snail (Spider:3)
  A jumping spider (Spider:3)
  2 humans (Lair:4)
  2 orc wizards (Orc:2)
  A gnoll (D:7)
  2 orcs
  15 fungi
  46 plants
  10 withered plants (D:15)
80 creatures vanquished.

Grand Total: 1098 creatures vanquished

Notes
Turn   | Place    | Note
-------+----------+-------------------------------------------
     0 | D:1      | namelastname112 the Draconian Air Elementalist began the
                  | quest for the Orb.
     0 | D:1      | Reached XP level 1. HP: 14/14 MP: 3/3
     0 | D:1      | epen: Ниггер
     0 | D:1      | epen: Шели
     6 | D:1      | namelastname112: без нампада тяжко
    93 | D:1      | epen: А чё
   257 | D:1      | Reached XP level 2. HP: 22/22 MP: 0/5
   853 | D:1      | Reached skill level 1 in Fighting
  1135 | D:2      | namelastname112: ну бля
  1135 | D:2      | namelastname112: привык
  1140 | D:2      | Learned a level 2 spell: Static Discharge
  1441 | D:2      | Reached XP level 3. HP: 16/28 MP: 1/6
  2683 | D:3      | Identified the +11 short sword of Pain and Death {vorpal,
                  | Str+7}
  2858 | D:3      | Noticed Terence
  2870 | D:3      | Killed Terence
  2871 | D:3      | Reached XP level 4. HP: 23/36 MP: 1/7
  3081 | D:3      | Found a faded altar of an unknown god.
  3343 | D:3      | Found a runed translucent door.
  3344 | D:3      | Noticed Crazy Yiuf
  3352 | D:3      | Killed Crazy Yiuf
  3353 | D:3      | Reached XP level 5. HP: 28/41 MP: 3/9
  3519 | D:3      | epen: Бля
  3520 | D:3      | Identified 2 scrolls of acquirement
  3520 | D:3      | epen: Джин прям пиздец неиграбельный
  3520 | D:3      | epen: Я хуй знает
  3520 | D:3      | epen: Сука
  3520 | D:3      | Acquired the +1 cloak of Starlight {*Dazzle EV+4 Stlth--}
  3520 | D:3      | Found the +1 cloak of Starlight {*Dazzle EV+4 Stlth--}
  3523 | D:3      | epen: Я был бы не против, если бы вех был доступен
  3534 | D:3      | Acquired the ring "Biept" {Wiz rElec rN+ Stlth+}
  3966 | D:4      | Reached XP level 6. HP: 50/50 MP: 3/10
  4144 | D:4      | epen: Бляяя
  4234 | D:4      | epen: Что они с гулем сделали
  4634 | D:4      | Your scales start taking on a lurid green colour.
  4634 | D:4      | Reached XP level 7. HP: 54/57 MP: 7/12
  4634 | D:4      | Gained mutation: Your system is resistant to poisons.
                  | (rPois) [Green Draconian growth]
  4967 | D:4      | Noticed Sigmund
  4981 | D:4      | Killed Sigmund
  5131 | D:4      | You fall into a shaft and drop 2 floors!
  5131 | D:6      | Found Fonkivan's Distillery.
  5185 | D:6      | Bought a potion of haste for 140 gold pieces
  5185 | D:6      | Bought a potion of curing for 42 gold pieces
  5188 | D:6      | Found a staircase to the Ecumenical Temple.
  5214 | D:6      | Reached skill level 5 in Air Magic
  5228 | Temple   | Entered the Ecumenical Temple
  5439 | Temple   | Became a worshipper of Dithmenos the Shadowed
  5446 | Temple   | Learned a level 4 spell: Airstrike
  5476 | D:5      | Entered Level 5 of the Dungeon
  5514 | D:5      | Reached XP level 8. HP: 66/66 MP: 7/14
  5536 | D:5      | namelastname112: а че сделали
  5836 | D:5      | Reached * piety under Dithmenos
  6110 | D:5      | Reached skill level 5 in Fighting
  6220 | D:5      | epen: Зайди
  6220 | D:5      | epen: ко мне
  6339 | D:5      | epen: Или в тг
  6509 | D:5      | Reached skill level 5 in Spellcasting
  6748 | D:5      | Reached skill level 5 in Conjurations
  6942 | D:5      | Noticed a two-headed ogre
  6956 | D:5      | Killed a two-headed ogre
  6957 | D:5      | Reached skill level 5 in Dodging
  6957 | D:5      | Reached XP level 9. HP: 75/75 MP: 5/17
  7023 | D:5      | epen: Регенит нельзя больше
  7056 | D:5      | Reached ** piety under Dithmenos
  7702 | D:6      | Found a blossoming altar of Fedhas.
  7913 | D:6      | Found Vemosan's Armour Boutique.
  7927 | D:6      | Found Hacasorch's Armour Boutique.
  7950 | D:6      | Acquired a +2 pair of boots of stealth
  8036 | D:6      | Found Wuwexalu's Armour Shop.
  8243 | D:6      | Found Josam's Antique Armour Boutique.
  8266 | D:6      | Found a runed translucent door.
  8269 | D:6      | Noticed kae's ghost (novice DrTm)
  8444 | D:7      | Noticed Duvessa
  8448 | D:7      | Noticed Dowan
  8461 | D:7      | Killed Duvessa
  8465 | D:7      | Killed Dowan
  8617 | D:7      | Noticed Joseph
  8640 | D:7      | Killed Joseph
  8810 | D:7      | Reached XP level 10. HP: 84/84 MP: 15/20
  8899 | D:7      | Reached skill level 1 in Short Blades
  8967 | D:7      | Noticed Maggie
  8978 | D:7      | Killed Maggie
  9138 | D:7      | Found a transporter.
  9181 | D:7      | Reached *** piety under Dithmenos
  9635 | D:7      | Identified the +3 chain mail of the Accordion {rF- Will++
                  | rCorr Stlth+}
  9635 | D:7      | Identified the amulet of Moderation {Regen+ rCorr}
  9647 | D:7      | Found a transporter.
  9657 | D:7      | Noticed Armakuni's ghost (novice DEWn)
  9659 | D:7      | Identified the +1 ring mail of Wilitutt {rF++ Will- rCorr
                  | Dex-3}
  9773 | D:7      | epen: а чё
  9773 | D:7      | epen: Че неделал-то?
  9773 | D:7      | epen: Нахуя полез?
 10095 | D:7      | namelastname112: А?
 10095 | D:7      | namelastname112: да так
 10095 | D:7      | namelastname112: по приколу
 10110 | D:7      | Killed Armakuni's ghost
 10591 | D:8      | Noticed a boulder beetle
 11259 | D:9      | Noticed a two-headed ogre
 11267 | D:9      | Reached **** piety under Dithmenos
 11268 | D:9      | Reached skill level 5 in Stealth
 11279 | D:9      | Killed a two-headed ogre
 11280 | D:9      | Reached skill level 5 in Short Blades
 11611 | D:9      | Found a staircase to the Lair.
 11745 | D:9      | Got the Incunabulum of Creative Malediction
 11772 | D:9      | Found a staircase to the Orcish Mines.
 11777 | D:9      | Reached XP level 11. HP: 51/93 MP: 14/21
 12586 | D:10     | Entered Level 10 of the Dungeon
 12853 | D:10     | Found a runed translucent gate.
 12853 | D:10     | Found a runed translucent gate.
 12853 | D:10     | Found a runed translucent gate.
 12865 | D:10     | Noticed DEFE's ghost (journeyman OpFi)
 13271 | D:11     | Noticed a two-headed ogre
 13277 | D:11     | Killed a two-headed ogre
 13354 | D:11     | epen: Алексей
 13360 | D:11     | Noticed a two-headed ogre
 13366 | D:11     | epen: А почему опять дракон?
 13377 | D:11     | Killed a two-headed ogre
 13698 | D:11     | Noticed Maurice
 13705 | D:11     | Killed Maurice
 13713 | D:11     | namelastname112: потому что я могу
 14014 | D:11     | Noticed an orange crystal statue
 14459 | D:12     | Noticed a death knight
 14472 | D:12     | Killed a death knight
 14578 | D:12     | Noticed a two-headed ogre
 14591 | D:12     | Killed a two-headed ogre
 14662 | D:12     | Noticed a deep elf pyromancer
 14669 | D:12     | Killed a deep elf pyromancer
 14874 | D:12     | Noticed a two-headed ogre
 14885 | D:12     | Killed a two-headed ogre
 14895 | D:12     | Reached XP level 12. HP: 103/103 MP: 19/22
 15269 | D:12     | Noticed a boulder beetle
 15305 | D:12     | Killed a boulder beetle
 15751 | D:13     | Noticed Josephine
 15815 | D:13     | Found a frozen archway.
 15848 | IceCv    | Entered an ice cave
 16495 | IceCv    | Reached ***** piety under Dithmenos
 16501 | IceCv    | epen: Алексей
 16559 | IceCv    | epen: вы же умрёте всё равно
 16640 | IceCv    | epen: не дойдя до зота
 16881 | IceCv    | namelastname112: все умрем
 16913 | IceCv    | Found an ancient bone altar of Kikubaaqudgha.
 16953 | IceCv    | epen: Даже Украина?
 16974 | IceCv    | epen: Бля
 16988 | IceCv    | epen: Вот бы хохлы все померли
 16995 | IceCv    | epen: прикинь как спокойной сразу стало бы в мире
 16998 | IceCv    | epen: А то 10 лет
 16999 | IceCv    | epen: И все новости про хохлов
 16999 | IceCv    | epen: Хохлы тут
 17000 | IceCv    | epen: Хохлы там
 17003 | IceCv    | epen: Пиздец же
 17009 | IceCv    | Reached skill level 1 in Shields
 17681 | IceCv    | epen: Скитлс
 17681 | IceCv    | epen: Стой
 17718 | IceCv    | epen: А давай короче
 17728 | IceCv    | epen: К статуе в мили подойдём
 17736 | IceCv    | epen: Прикол будет
 17750 | IceCv    | epen: там это
 17757 | IceCv    | epen: Диалог появится
 18028 | IceCv    | Reached skill level 10 in Fighting
 18043 | IceCv    | Identified the ring "Atin" {rN+ Will- rCorr MP+9 Int+10}
 18045 | IceCv    | namelastname112: я не веду переговоров с террористами
 18100 | D:13     | epen: Давай
 18100 | D:13     | epen: Скитлс
 18100 | D:13     | epen: Какая сама хохлятская раса в кравле
 18100 | D:13     | namelastname112: палентонга
 18134 | D:13     | Killed Josephine
 18254 | D:13     | Reached XP level 13. HP: 105/113 MP: 23/23
 18677 | D:13     | Reached skill level 5 in Shields
 19191 | D:13     | Noticed a green very ugly thing
 19216 | D:13     | Reached skill level 10 in Stealth
 19217 | D:13     | Killed a green very ugly thing
 19448 | D:13     | Reached skill level 10 in Short Blades
 19981 | D:13     | Found a gate to the Vaults.
 20203 | D:14     | Noticed Snorg
 20851 | D:14     | Killed Snorg
 21348 | D:14     | epen: Чё встал
 21348 | D:14     | epen: Давай
 21348 | D:14     | epen: Убивай
 21850 | D:14     | Learned a level 4 spell: Olgreb's Toxic Radiance
 21851 | D:15     | Entered Level 15 of the Dungeon
 21856 | D:15     | Gained mutation: Your tail ends in a venomous barb. [Green
                  | Draconian growth]
 21856 | D:15     | Reached XP level 14. HP: 124/124 MP: 21/25
 21870 | D:14     | Reached ****** piety under Dithmenos
 22602 | D:15     | Found a staircase to the Depths.
 22655 | D:15     | Reached skill level 10 in Dodging
 22817 | D:15     | Found a hide-covered altar of Uskayaw.
 23766 | D:6      | Bought the +3 pair of seven-league boots {Rampage+∞} for
                  | 440 gold pieces
 23766 | D:6      | Found the +3 pair of seven-league boots {Rampage+∞}
 23841 | Lair:1   | Entered Level 1 of the Lair of Beasts
 23965 | Lair:1   | namelastname112: ??seven-league boots
 23965 | Lair:1   | beem: seven-league boots[1/1]: An {unrand} +3 pair of boots
                  | that gives full-LOS {rampaging}. Monsters will always wake
                  | up when you rampage next to them with these boots, so no
                  | free stabs! Added in 0.27.
 23965 | Lair:1   | namelastname112: говно
 24974 | Lair:1   | epen: У тебя всё говно
 25046 | Lair:2   | epen: а вот нашёл бы ты их на д2
 25061 | Lair:2   | epen: были бы говно?
 25247 | Lair:2   | Reached skill level 1 in Translocations
 25541 | Lair:2   | Found a glowing golden altar of the Shining One.
 25970 | Lair:3   | Reached skill level 1 in Throwing
 26152 | Lair:3   | Found a hole to the Spider Nest.
 26692 | Lair:4   | Found a staircase to the Swamp.
 26796 | Lair:4   | Noticed Kirke
 26814 | Lair:4   | Killed Kirke
 26821 | Lair:4   | epen: Скитлс
 26821 | Lair:4   | epen: Убей хуманов
 26821 | Lair:4   | epen: Блять
 26821 | Lair:4   | epen: Ну это же хохлы
 26823 | Lair:4   | epen: Свиньями были
 26823 | Lair:4   | epen: Ну ты че
 27451 | Lair:4   | Reached XP level 15. HP: 133/133 MP: 19/27
 28560 | Lair:5   | Learned a level 1 spell: Apportation
 28564 | Lair:5   | Learned a level 3 spell: Swiftness
 28569 | Lair:5   | Learned a level 4 spell: Passage of Golubria
 28661 | Lair:6   | Entered Level 6 of the Lair of Beasts
 28667 | Lair:6   | Found a staircase to the Slime Pits.
 28671 | Lair:6   | Found a viscous altar of Jiyva.
 29123 | Lair:6   | Reached skill level 5 in Translocations
 30434 | D:9      | Learned a level 3 spell: Tukima's Dance
 30436 | Orc:1    | Entered Level 1 of the Orcish Mines
 30702 | Orc:1    | Found a bloodstained altar of Trog.
 31164 | Orc:2    | Entered Level 2 of the Orcish Mines
 31230 | Orc:2    | Noticed Saint Roka
 31277 | Orc:2    | Killed Saint Roka
 31278 | Orc:2    | Reached skill level 1 in Hexes
 31751 | Orc:2    | Found a staircase to the Elven Halls.
 31949 | Orc:2    | Found Jiabaru Nago's Distillery.
 31959 | Orc:2    | Bought a potion of heal wounds for 60 gold pieces
 31959 | Orc:2    | Bought a potion of heal wounds for 60 gold pieces
 32015 | Orc:2    | Found a radiant altar of Vehumet.
 32074 | Orc:2    | Noticed Nergalle
 32075 | Orc:2    | Found an ancient bone altar of Kikubaaqudgha.
 32406 | Orc:2    | Killed Nergalle
 32407 | Orc:2    | Reached XP level 16. HP: 125/128 MP: 29/29
 32425 | Orc:2    | Found Nopausau's Antique Weapon Emporium.
 32463 | Orc:2    | Found Toatel's Antique Weapon Shoppe.
 32476 | Orc:2    | Found Nareb's Jewellery Shoppe.
 32780 | Spider:1 | Entered Level 1 of the Spider Nest
 33395 | Spider:1 | Found a runed translucent door.
 33398 | Spider:1 | Noticed Leszczynek's ghost (journeyman GrAr)
 33539 | Spider:1 | Killed Leszczynek's ghost
 33661 | Spider:2 | Reached skill level 5 in Throwing
 34413 | Spider:2 | Reached skill level 10 in Spellcasting
 36318 | Spider:3 | Reached XP level 17. HP: 92/151 MP: 31/31
 36740 | Spider:3 | Noticed Arachne
 36821 | Spider:3 | Paralysed by a jorogumo for 3 turns
 36921 | Spider:3 | Mangled by Arachne

Illustrated notes

Levels and vault maps discovered:
D:1:      minmay_arrival_shattered_statue, layout_loops_ring, minmay_3d_cube
D:2:      wad_lake_hut, layout_rooms
D:3:      layout_rooms, basic_ecumenical_altar, grunt_ministairs_8, st_stairs_4,
          kennysheep_generic_room_12, uniq_terence, uniq_crazy_yiuf_cottage
D:4:      minmay_chambers_of_threes, layout_basic, uniq_sigmund
D:5:      lemuel_castle_with_subvaults [lemuel_castle_interior_original],
          layout_gridville
D:6:      layout_cave_pools, kennysheep_mini, temple_fountains,
          ebering_ghost_sewer_d, serial_shops, nicolae_stop_n_shop_1,
          nicolae_square_shop, shop, nicolae_shop_behind_doors, shop,
          minmay_misc_feat_enclosed, minmay_misc_feat_plants
D:7:      nicolae_cairo_tiling_very_big, layout_basic,
          gammafunk_ghost_gnarly_gnolls, uniq_maggie, uniq_duvessa, uniq_joseph
D:8:      layout_cave_pools, lightli_corner_chamber
D:9:      layout_irregular_city, david_lair_shrubbed,
          kennysheep_orc_monster_closet_entryway
D:10:     layout_basic, gammafunk_ghost_spectres
D:11:     minmay_statue_hallways, layout_basic, kennysheep_nub, uniq_maurice
D:12:     layout_irregular_city
D:13:     layout_roguey, david_vaults_5, portal_ice_cave_entry_ice_simulacra,
          uniq_josephine
D:14:     layout_gridville, minivault_11, uniq_snorg
D:15:     gammafunk_depths_entry_grave, layout_basic, nicolae_uskayaw_dance_hall
Temple:   mainiacjoe_temple_trianglar_array
Lair:1:   layout_layer_cave
Lair:2:   lemuel_ratsnest, layout_small_grid, basic_altar, serial_bayou_shore_a
Lair:3:   layout_concentric_octagons, dummy_spider_entry, st_stairs_4,
          grunt_megastairs_1, lemuel_fruit_tree
Lair:4:   wad_woods_minihive, layout_regular_city, skrybe_swamp_entry_bodies,
          infiniplex_staircase_pool_2, uniq_kirke
Lair:5:   layout_regular_city
Lair:6:   evilmike_catoblepas_cave, layout_small_grid, slime_altar_1,
          serial_bayou_pond_b, ldierk_geyser, st_stairs_3
Spider:1: layout_spider_delve, special_room, ebering_ghost_reflecting_pool
Spider:2: nicolae_spider_hilbert_zone_2 [nicolae_spider_hilbert_4_sides_1_open,
          nicolae_spider_hilbert_4_sides_1_open,
          nicolae_spider_hilbert_4_sides_1_open,
          nicolae_spider_hilbert_4_sides_1_open,
          nicolae_spider_hilbert_6_sides_1_open,
          nicolae_spider_hilbert_6_sides_1_open,
          nicolae_spider_hilbert_3_sides_1_open,
          nicolae_spider_hilbert_3_sides_1_open,
          nicolae_spider_hilbert_3_sides_1_open,
          nicolae_spider_hilbert_3_sides_1_open,
          nicolae_spider_hilbert_6_sides_1_open,
          nicolae_spider_hilbert_6_sides_1_open,
          nicolae_spider_hilbert_6_sides_1_open,
          nicolae_spider_hilbert_6_sides_1_open], nicolae_spider_webbed_stairs
Spider:3: layout_cave_pods, nicolae_spider_moth_buddies, uniq_agnes,
          uniq_arachne
Orc:1:    layout_caves, basic_altar, hangedman_minor_magic
Orc:2:    kennysheep_orc_mage_school, layout_caves, basic_altar, uniq_saint_roka

Skill      XL: |  1  2  3  4  5  6  7  8  9 10 11 12 13 14 15 16 17 |
---------------+----------------------------------------------------+-----
Dodging        | 2 3 4 5 6 7 8 9 10 11 12 | 12.0
Fighting       | 1 2 3 4 5 6 7 8 10 11 12 13 | 13.8
Conjurations   | 2 3 4 5 7 8 |  8.0
Spellcasting   | 3 4 5 6 7 8 9 10 | 10.4
Air Magic      | 4 5 6 7 |  7.6
Stealth        | 2 5 8 9 10 11 12 13 | 13.0
Short Blades   | 5 7 9 10 11 12 | 12.9
Shields        | 4 5 |  5.2
Translocations | 3 7 9 |  9.7
Throwing       | 2 4 6 |  6.1
Hexes          | 1 4 |  4.4

Action                   |  1- 3 |  4- 6 |  7- 9 | 10-12 | 13-15 | 16-18 || total
-------------------------+-------+-------+-------+-------+-------+-------++-------
Melee: Unarmed           |    11 |       |       |       |       |       ||    11
       Tailslap          |     6 |     5 |     9 |    54 |   252 |   117 ||   443
       Hand axe          |    26 |       |       |       |       |       ||    26
       Short sword       |    13 |    30 |    98 |   305 |  1349 |   656 ||  2451
       Punch             |       |       |     2 |     2 |     2 |       ||     6
 Cast: Shock             |   100 |    78 |   268 |   326 |   295 |    83 ||  1150
       Static Discharge  |       |     3 |    15 |    89 |    66 |     3 ||   176
       Airstrike         |       |       |       |    26 |    36 |       ||    62
       Passage of Golubr |       |       |       |       |     2 |       ||     2
Invok: Shadow Step       |       |       |       |       |       |     2 ||     2
 Abil: Breathe Noxious F |       |       |     3 |    15 |    19 |     7 ||    44
Evoke: Wand              |       |       |       |       |     4 |     2 ||     6
       Phial of floods   |       |       |       |       |       |     1 ||     1
  Use: Scroll            |       |    11 |     4 |     6 |    13 |     4 ||    38
       Potion            |       |       |       |     6 |     5 |     4 ||    15
 Stab: Sleeping          |     1 |       |       |     2 |    63 |    33 ||    99
       Invisible         |       |     3 |     1 |    12 |    50 |    25 ||    91
       Confused          |       |       |     1 |     7 |    11 |     2 ||    21
       Distracted        |       |       |       |       |     4 |     4 ||     8
Armor: Skin              |    22 |    10 |    44 |   124 |   223 |   173 ||   596
Dodge: Dodged            |    43 |    31 |   168 |   500 |  1011 |   466 ||  2219
Block: Buckler           |       |       |       |       |   409 |   200 ||   609

Table legend: (Time is in decaauts)
 A = Elapsed time spent in this place.
 B = Non-inter-level travel time spent in this place.
 C = Inter-level travel time spent in this place.
 D = Time resting spent in this place.
 E = Time spent auto-exploring this place.
 F = Levels seen in this place.
 G = Mean time per level.
                   A        B        C        D        E       F      G
               +--------+--------+--------+--------+--------+-----+--------+
         Total |  36202 |  34377 |   1825 |   4217 |  23580 |  28 | 1292.9 |
       Dungeon |  21370 |  20181 |   1189 |   2096 |  14801 |  15 | 1424.7 |
        Temple |    229 |    218 |     11 |      0 |    189 |   1 |  229.0 |
          Lair |   6436 |   5952 |    484 |    297 |   4501 |   6 | 1072.7 |
   Spider Nest |   3873 |   3844 |     29 |    411 |   2514 |   3 | 1291.0 |
  Orcish Mines |   2043 |   1933 |    110 |    197 |   1151 |   2 | 1021.5 |
      Ice Cave |   2248 |   2248 |      0 |   1215 |    423 |   1 | 2248.0 |
               +--------+--------+--------+--------+--------+-----+--------+

Top non-repeatable levels by time:
   IceCv: 2248 daAuts
     D:7: 2018 daAuts
     D:5: 1967 daAuts
    D:13: 1794 daAuts
    D:12: 1778 daAuts
Spider:3: 1736 daAuts
    D:14: 1702 daAuts
     D:4: 1642 daAuts
    D:15: 1612 daAuts
     D:9: 1504 daAuts
  Lair:6: 1490 daAuts
     D:3: 1441 daAuts
Spider:2: 1393 daAuts
   Orc:2: 1365 daAuts
    D:11: 1277 daAuts
